details: 'BlahsmackVsAchillesDecrux tourney'

« prev index next »

General information

Mini Map

Players

team 1
NightElfBlahsmack (pink | 56 APM | 1246 actions | 22:09)
Hero icon 6 Warden
Ability icon 3 Shadow Strike
Ability icon 2 Blink
Ability icon 1 Spirit of Vengeance

» actions
Basic commands35
Build / train89
Enter build submenu50
Enter hero's abilities submenu6
Remove unit from queue2
Right click583
Select / deselect389
Use ability92
1246 total
» units
Wisp37
Huntress36
Glaive Thrower6
79 total
» upgrades
Ultravision1
1 total
» buildings
Altar of Elders1
Moon Well16
Ancient of War4
Hunter's Hall1
Ancient Protector14
Tree of Life2
38 total
» build order
00:27 Altar of Elders
00:38 Moon Well
01:30 Ancient of War
03:30 Ancient of War
03:52 Hunter's Hall
04:00 Moon Well
04:11 Moon Well
04:17 Ancient of War
04:20 Moon Well
04:26 Moon Well
04:30 Moon Well
05:13 Ancient of War
05:20 Moon Well
05:37 Moon Well
06:51 Moon Well
07:00 Moon Well
07:27 Moon Well
07:33 Moon Well
07:37 Moon Well
07:49 Ancient Protector
08:53 Ancient Protector
09:37 Moon Well
09:51 Ancient Protector
10:50 Moon Well
11:25 Tree of Life
12:25 Ancient Protector
13:38 Ancient Protector
13:44 Ancient Protector
14:35 Moon Well
16:22 Ancient Protector
17:53 Tree of Life
17:55 Ancient Protector
19:57 Ancient Protector
20:02 Ancient Protector
20:39 Ancient Protector
20:56 Ancient Protector
21:06 Ancient Protector
21:46 Ancient Protector
team 2
HumanAchillesDeCrux (red | 45 APM | 988 actions | 22:05)
Hero icon 4 Archmage
Ability icon 2 Summon Water Elemental
Ability icon 2 Blizzard

» actions
Basic commands1
Build / train60
Enter build submenu19
Enter hero's abilities submenu4
Remove unit from queue3
Right click577
Select / deselect292
Use ability32
988 total
» units
Peasant7
Footman9
Rifleman4
Dragonhawk Rider3
Knight6
Gryphon Rider7
Siege Engine4
40 total
» upgrades
Plating1
Swords1
Cloud1
Storm Hammers1
4 total
» buildings
Altar of Kings1
Farm7
Barracks1
Lumber Mill1
Blacksmith1
Keep1
Scout Tower1
Arcane Tower1
Gryphon Aviary1
Arcane Vault1
Castle1
Workshop1
Guard Tower2
20 total
» build order
00:05 Altar of Kings
00:12 Farm
00:55 Farm
01:29 Barracks
02:11 Lumber Mill
02:20 Farm
03:04 Blacksmith
04:33 Keep
05:04 Scout Tower
05:56 Arcane Tower
06:03 Farm
06:58 Gryphon Aviary
09:49 Arcane Vault
09:53 Castle
12:16 Farm
12:53 Farm
13:36 Farm
13:51 Workshop
14:18 Guard Tower
14:29 Guard Tower
» items
Ivory Tower3
3 total